Map: Ulrena

Players

LilDicky - Winner!

  • Race: Terran Terran
  • League: Diamond

CryonicPig

  • Race: Zerg Zerg
  • League: Platinum

VOD

http://www.twitch.tv/tumescentpie

Description

Time

  • Played on: Dec. 10, 2015, 6:58 p.m.
  • Length: 32:26
Show
View Real Time Build Order
Export as new Build Order

LilDicky Terran - Winner!

Build Orders: Liberator Opening 

Get SALT Encoding   

  12  0:04  SCV  
  13  0:16  SCV  
  13  0:20  Supply Depot  
  14  0:29  SCV, Refinery  
  15  0:42  SCV  
  16  0:51  Barracks  
  16  0:54  SCV  
  17  1:06  SCV  
  18  1:18  SCV  
  19  1:32  SCV  
  20  1:38  Refinery  
  20  1:39  Marine  
  21  1:42  Supply Depot  
  21  1:44  Orbital Command  
  21  1:54  Factory  
  21  1:57  Marine  
  22  2:14  SCV, Marine  
  24  2:26  SCV  
  25  2:35  Marine  
  26  2:37  Factory Reactor  
  26  2:38  SCV  
  26  2:39  Starport  
  27  2:50  SCV  
  28  2:52  Marine  
  28  2:57  Command Center  
  29  3:09  SCV, Starport  
  29  3:10  Marine  
  31  3:42  Supply Depot  
  31  3:46  Liberator x2  
  31  3:47  Starport Tech Lab  
  31  3:55  Supply Depot  
  31  4:03  SCV, Marine  
  31  4:08  Banshee, Supply Depot  
  42  4:10  Orbital Command  
  42  4:15  SCV  
  42  4:16  Cloaking Field  
  43  4:21  Widow Mine  
  45  4:27  SCV, Orbital Command  
  46  4:32  Liberator  
  46  4:42  Bunker  
  49  5:20  Liberator  
  49  5:22  Banshee  
  55  5:44  Orbital Command  
  55  5:46  SCV  
  46  5:58  Factory Tech Lab  
  46  5:59  SCV  
  46  6:03  Command Center  
  47  6:06  Command Center  
  47  6:23  Banshee  
  44  6:54  Liberator x2  
  44  7:33  Orbital Command  
  44  7:41  Liberator  
  44  7:42  Liberator  
  44  7:48  Marine  
  45  7:56  Bunker  
  48  8:06  Marine  
  48  8:07  Liberator  
  48  8:10  SCV x2  
  48  8:23  SCV x2  
  53  8:28  Refinery x2  
  53  8:31  Bunker  
  53  8:35  SCV x2  
  53  8:37  Barracks  
  53  8:38  Barracks x3  
  53  8:39  Barracks  
  53  8:41  Barracks  
  55  8:44  Barracks Tech Lab  
  55  8:45  Medivac  
  55  8:47  SCV x2  
  59  8:59  SCV x2  
  61  9:11  SCV x2  
  61  9:12  Banshee, Medivac  
  68  9:17  Orbital Command  
  68  9:19  Orbital Command  
  68  9:22  Marine  
  68  9:23  SCV x2  
  71  9:29  Barracks Reactor x2, Barracks Tech Lab, Engineering Bay  
  71  9:30  Barracks Tech Lab  
  71  9:31  Engineering Bay, Marine  
  72  9:35  SCV x2  
  74  9:39  Marine  
  74  9:44  Stimpack  
  75  9:47  SCV x2  
  75  9:49  Marine  
  75  9:57  Marine  
  76  10:00  Marine x2  
  76  10:01  Combat Shields  
  76  10:03  Barracks Reactor  
  76  10:06  Marine x5  
  83  10:08  SCV x2  
  83  10:09  SCV x2  
  87  10:15  Marine  
  87  10:17  Marine  
  87  10:18  Marine  
  87  10:20  SCV  
  87  10:21  SCV x3  
  92  10:24  Marine x2  
  94  10:33  SCV x2, Marine x3  
  94  10:34  Marine  
  100  11:03  Marine x2  
  100  11:04  Supply Depot x2, Marauder x2, Medivac  
  108  11:05  Command Center  
  108  11:06  Refinery  
  108  11:09  Refinery  
  108  11:16  Fusion Core  
  108  11:19  Terran Infantry Weapons Level 1, Supply Depot  
  108  11:25  Marauder, Medivac x2  
  114  11:32  SCV x2  
  116  11:34  Medivac  
  118  11:40  SCV x2  
  118  11:41  Marine x2  
  118  11:42  Marauder x2  
  125  11:55  Medivac, Marine x3  
  125  11:56  Marauder  
  125  12:00  Command Center  
  132  12:01  Supply Depot  
  132  12:02  Supply Depot  
  132  12:03  Concussive Shells  
  132  12:14  Barracks  
  132  12:15  Advanced Ballistics  
  132  12:19  Supply Depot, Terran Infantry Armor Level 1  
  132  12:23  Marauder x2, Marine x4  
  132  12:24  Armory, Marauder  
  132  12:25  Medivac  
  144  12:34  Marine  
  145  12:40  Marine x4  
  145  12:42  Banshee  
  152  12:44  Marauder x2  
  156  12:52  Widow Mine  
  156  12:55  Supply Depot  
  156  12:56  Marauder  
  156  12:57  Supply Depot  
  142  13:06  Marauder x2  
  142  13:12  Marine x5  
  145  13:17  Marauder  
  148  13:27  Marauder x2  
  148  13:30  Terran Infantry Weapons Level 2  
  148  13:32  Marine x2  
  148  13:33  Marine  
  155  13:38  Marine  
  155  13:39  Marauder  
  155  13:40  Marine  
  155  13:41  Missile Turret  
  159  13:49  Marauder x2  
  159  13:50  Marine  
  161  14:00  Marauder  
  137  14:15  Widow Mine  
  127  14:21  Marine  
  127  14:22  Marauder  
  125  14:25  Marine x2  
  125  14:26  Marine x4  
  131  14:31  SCV x2  
  131  14:32  SCV  
  131  14:33  Command Center  
  131  14:35  SCV  
  135  14:39  Marine  
  135  14:42  Liberator x2  
  135  14:43  SCV x2, Marauder  
  135  14:44  Widow Mine  
  135  14:45  Marine x2, Marauder x2  
  147  14:49  Missile Turret  
  148  14:57  Raven  
  156  15:16  Marine x4  
  156  15:17  Marauder, Marine x3  
  156  15:18  Terran Infantry Armor Level 2  
  165  15:27  Refinery x2, Corvid Reactor  
  165  15:31  Terran Vehicle And Ship Armor Level 1  
  165  15:34  Marine x3  
  165  15:35  Marauder x2, Marine  
  173  15:39  Marauder  
  175  15:44  Battlecruiser  
  144  16:01  Marine  
  144  16:02  Marauder, Marine x2  
  149  16:11  Liberator x2  
  149  16:23  Marine x3  
  149  16:24  Marine x2  
  140  16:49  Battlecruiser  
  140  16:50  Marine  
  140  16:51  Marine x5  
  140  16:52  Marauder x2  
  151  17:04  Liberator x2  
  141  17:08  Marine  
  141  17:10  Marauder  
  141  17:13  Marauder x2  
  142  17:17  Terran Infantry Weapons Level 3  
  142  17:22  Marine  
  148  17:23  Marine x3  
  152  17:30  Command Center  
  152  17:31  Marauder, Marine  
  152  17:35  Marauder x2  
  159  17:40  Marine  
  157  17:52  Marauder  
  157  17:56  Marauder x2  
  129  18:14  Marauder  
  130  18:30  SCV x3  
  133  18:38  Marine x8  
  141  18:42  SCV x3  
  141  18:43  Command Center  
  144  18:54  SCV x3  
  147  18:55  Marine  
  147  18:56  Marine x2  
  147  18:57  Marauder x2  
  148  19:04  Liberator  
  148  19:05  Liberator x2  
  148  19:06  SCV  
  110  19:19  Marine x8  
  127  19:36  Marine  
  127  19:37  Marine x4  
  127  19:38  Marauder x3  
  138  19:42  Planetary Fortress  
  138  19:46  Missile Turret  
  138  19:47  Liberator  
  139  20:07  Missile Turret  
  139  20:08  Missile Turret  
  139  20:19  Orbital Command  
  139  20:26  Missile Turret  
  139  20:32  Supply Depot  
  139  20:33  Supply Depot  
  139  20:34  Marine x2  
  139  20:35  Marauder x2  
  145  20:36  Marine x2  
  145  20:37  Marauder  
  149  20:43  Marine  
  150  20:51  Marine  
  144  21:04  Terran Infantry Armor Level 3  
  144  21:18  Marine x2  
  135  21:19  Marauder  
  138  21:39  Marine x7  
  145  21:40  Marine  
  146  21:58  Marauder x2  
  146  22:01  Marine x6  
  87  22:18  Marine  
  87  22:19  Marauder, Marine x4  
  94  22:30  Liberator x2  
  93  22:37  Marauder  
  93  22:41  Marauder  
  93  22:44  Marine x2  
  96  22:49  Marine x3, Medivac  
  96  22:50  Marine  
  111  22:58  Marauder  
  111  23:00  Command Center  
  111  23:02  Missile Turret, Marauder  
  113  23:11  Marine x2  
  115  23:14  Marine x2  
  115  23:15  Terran Vehicle And Ship Armor Level 2  
  115  23:17  Marine x2  
  121  23:20  Marauder  
  121  23:24  Marauder  
  121  23:25  Medivac  
  125  23:29  Marine  
  125  23:32  Orbital Command  
  126  23:38  Liberator x2  
  122  23:41  Marauder  
  122  23:45  Marauder  
  130  24:10  Marine x5  
  130  24:11  Marine x3  
  138  24:26  SCV  
  138  24:27  SCV x2  
  138  24:29  Marauder x2  
  138  24:30  SCV x2  
  147  24:39  SCV  
  147  24:44  Refinery  
  147  24:45  Refinery  
  148  24:50  Marauder  
  148  24:52  Marine x2  
  76  25:17  Marine  
  76  25:18  Marine x4  
  78  25:30  Marine x2  
  78  25:35  Marine  
  83  25:36  Marine x3  
  83  25:38  Marine  
  77  25:48  Marine x2  
  77  25:49  Liberator x2  
  76  25:53  Marine x2  
  76  25:54  Marine x2  
  76  25:55  Barracks  
  76  25:56  Marine  
  76  25:57  Barracks x2  
  78  25:58  Barracks  
  78  25:59  Barracks x3  
  78  26:06  Marine x2  
  78  26:11  Marine x3  
  86  26:12  Planetary Fortress  
  86  26:15  Missile Turret  
  86  26:18  Missile Turret  
  89  26:20  Marine x2  
  91  26:26  Marine x2  
  91  26:32  Liberator  
  93  26:35  Marine  
  93  26:36  Marine x2  
  93  26:38  Marine x2  
  98  26:44  Marine x2  
  100  26:49  Marine x3  
  100  26:50  Marine x4  
  107  27:03  Marauder  
  107  27:07  Marine x3  
  107  27:08  Marine  
  113  27:11  Marine x2  
  113  27:15  Marine  
  113  27:16  Marine x4  
  106  27:24  Marauder  
  99  27:33  Marine  
  91  27:45  Marine x5  
  95  27:51  Marine  
  96  27:59  Barracks  
  96  28:00  Barracks  
  96  28:01  Barracks  
  96  28:02  Barracks, Marine  
  96  28:03  Marine x2  
  96  28:04  Barracks, Marauder  
  98  28:06  Barracks x3  
  98  28:07  Marine  
  98  28:09  Marine  
  97  28:20  Marine  
  97  28:21  Marine x2  
  97  28:24  Marine  
  97  28:25  Marauder  
  103  28:27  Marine  
  104  28:38  Marine x4  
  104  28:39  Marine x2  
  109  28:42  Marine  
  109  28:44  Marine  
  109  28:46  Marauder  
  109  28:48  Marine  
  109  28:49  Marine x3  
  109  28:56  Marine x6  
  109  28:57  Marine x2  
  109  28:58  Marine  
  109  29:00  Marine  
  109  29:02  Marine  
  109  29:06  Marine  
  109  29:07  Marine x4  
  109  29:14  Marine x6  
  109  29:15  Marine x2  
  109  29:16  Marine  
  109  29:18  Marine  
  109  29:20  Marine  
  109  29:24  Marine x2  
  109  29:26  Marauder  
  109  29:47  Marauder  
  109  30:00  Marine x7  
  109  30:36  SCV  
  109  30:48  SCV  
  109  31:01  SCV  
  109  31:13  SCV  
  109  31:15  Command Center  
  109  31:21  Command Center x2  
  109  31:25  SCV  
Show
View Real Time Build Order
Export as new Build Order

CryonicPig Zerg 

Build Orders: Hatch First 

Get SALT Encoding   

  12  0:01  Drone  
  13  0:12  Overlord  
  13  0:19  Drone  
  14  0:30  Drone x2  
  16  0:39  Drone  
  17  0:51  Drone  
  18  1:00  Hatchery  
  17  1:09  Spawning Pool  
  16  1:15  Drone, Extractor  
  16  1:17  Drone  
  17  1:21  Drone  
  18  1:30  Overlord  
  18  1:39  Drone  
  19  1:55  Queen  
  19  2:00  Zergling x2  
  22  2:01  Zergling x2  
  23  2:12  Queen  
  23  2:13  Drone x2  
  27  2:23  Metabolic Boost  
  27  2:26  Drone  
  27  2:29  Drone  
  29  2:32  Queen  
  31  2:37  Drone  
  32  2:44  Overlord  
  32  2:45  Drone  
  32  2:48  Drone  
  35  2:58  Zergling x4  
  36  3:13  Hatchery  
  36  3:14  Drone x2  
  36  3:18  Drone  
  36  3:19  Zergling x2  
  39  3:22  Zergling x2  
  39  3:24  Zergling x2  
  41  3:31  Drone x2  
  41  3:33  Overlord  
  43  3:35  Drone  
  44  3:44  Overlord  
  44  3:51  Queen  
  44  3:53  Roach Warren  
  44  3:55  Extractor  
  44  4:08  Lair  
  44  4:11  Drone x2  
  44  4:13  Overlord  
  44  4:14  Drone x2  
  48  4:23  Evolution Chamber  
  47  4:25  Drone, Spine Crawler  
  47  4:31  Queen  
  49  4:32  Drone  
  49  4:34  Drone  
  49  4:35  Drone  
  49  4:37  Drone  
  53  4:40  Drone  
  53  4:42  Drone  
  53  4:44  Drone  
  56  4:56  Drone, Spine Crawler  
  56  4:57  Zerg Missile Weapons Level 1, Drone  
  56  4:59  Drone  
  58  5:00  Extractor  
  58  5:01  Extractor  
  56  5:07  Zergling x4  
  56  5:08  Drone x2  
  56  5:13  Roach  
  60  5:19  Spore Crawler  
  53  5:31  Roach x4  
  53  5:34  Roach  
  63  5:52  Roach  
  63  5:54  Ravager x3  
  63  6:25  Drone  
  63  6:33  Drone x2  
  63  6:34  Drone x2  
  66  6:45  Drone x3  
  69  6:48  Drone x3, Spore Crawler  
  69  6:51  Drone x2  
  73  6:57  Overlord  
  68  7:16  Overseer  
  68  7:22  Spore Crawler  
  67  7:24  Queen  
  67  7:26  Drone, Spore Crawler  
  67  7:29  Drone  
  68  7:30  Overlord x2, Extractor, Drone  
  68  7:31  Drone x3  
  68  7:35  Extractor  
  68  7:50  Queen  
  68  7:51  Spore Crawler  
  69  7:55  Queen  
  69  7:56  Drone x2  
  73  7:59  Roach x2  
  73  8:00  Drone x4, Queen  
  84  8:06  Spore Crawler  
  84  8:09  Roach x2  
  87  8:13  Overlord x2  
  87  8:18  Zerg Missile Weapons Level 2  
  87  8:28  Drone  
  87  8:29  Drone  
  87  8:32  Roach x2  
  87  8:33  Glial Reconstitution  
  93  8:35  Roach x2  
  97  8:42  Drone x2  
  97  8:44  Drone  
  100  8:56  Ravager  
  100  8:57  Ravager x3  
  100  9:00  Drone  
  105  9:04  Overlord x3  
  105  9:05  Overlord x2  
  105  9:11  Spore Crawler  
  105  9:13  Drone  
  105  9:14  Overlord x2  
  105  9:15  Overlord x2  
  105  9:32  Hatchery, Drone x4  
  105  9:33  Drone x2  
  105  9:35  Drone x2  
  105  9:36  Drone  
  113  9:44  Evolution Chamber  
  111  9:45  Roach  
  111  9:46  Roach  
  111  9:50  Roach  
  111  9:51  Roach x2  
  93  9:58  Hydralisk Den  
  88  10:01  Roach x2  
  88  10:02  Drone x2  
  88  10:04  Drone  
  95  10:19  Pneumatized Carapace, Overseer  
  95  10:22  Zerg Ground Armor Level 1  
  95  10:27  Drone x2  
  97  10:35  Drone, Spine Crawler  
  97  10:36  Drone  
  97  10:37  Drone  
  97  10:38  Hydralisk x2, Roach x2  
  97  10:39  Hydralisk x2, Muscular Augments  
  111  10:46  Hydralisk  
  111  10:47  Hydralisk x2  
  117  10:50  Queen  
  119  11:02  Hydralisk  
  121  11:05  Hydralisk x4  
  121  11:07  Hydralisk  
  121  11:08  Hydralisk  
  121  11:09  Hydralisk  
  135  11:11  Drone  
  135  11:12  Drone  
  135  11:13  Drone  
  135  11:18  Hydralisk x2  
  142  11:26  Hydralisk x3  
  142  11:30  Hydralisk  
  142  11:31  Hydralisk  
  152  11:33  Drone x3  
  152  11:34  Drone  
  152  11:37  Hydralisk  
  152  11:39  Overlord  
  158  11:44  Drone x2  
  158  11:46  Drone x2  
  160  11:52  Roach x4  
  160  11:53  Roach x2  
  170  12:05  Ravager  
  170  12:06  Ravager x6  
  170  12:07  Roach  
  179  12:15  Baneling Nest  
  179  12:17  Drone x2, Overlord  
  179  12:19  Drone x2, Roach  
  179  12:20  Roach x4  
  179  12:21  Overlord  
  192  12:23  Spine Crawler, Extractor  
  192  12:26  Spore Crawler  
  192  12:27  Extractor  
  192  12:28  Drone x3, Overlord  
  191  12:36  Zerg Ground Armor Level 2  
  191  12:43  Drone x2  
  193  12:46  Overlord, Roach x3  
  193  13:07  Hydralisk x3  
  193  13:08  Roach  
  193  13:09  Roach, Zergling x2  
  193  13:10  Zergling x2  
  199  13:29  Infestation Pit  
  199  13:33  Zerg Melee Weapons Level 1  
  198  13:34  Centrifical Hooks  
  183  14:04  Roach  
  183  14:06  Zergling x8  
  183  14:07  Zergling x2  
  183  14:08  Zergling x10  
  183  14:09  Roach x2  
  188  14:10  Hydralisk x2  
  188  14:11  Hydralisk x2  
  188  14:15  Hydralisk x3  
  179  14:24  Hydralisk x2  
  164  14:25  Zergling x2  
  164  14:26  Infestor x3  
  164  14:27  Infestor  
  164  14:29  Zergling x4  
  171  14:39  Hydralisk x2  
  171  14:41  Zergling x10  
  171  14:42  Zergling x4  
  171  14:43  Hatchery  
  181  14:47  Baneling  
  181  14:48  Baneling x17  
  181  14:49  Baneling x3  
  181  14:55  Hive  
  181  15:05  Infestor  
  183  15:18  Zergling x2  
  183  15:19  Zergling x24  
  196  15:30  Hydralisk  
  196  15:31  Zergling x2  
  194  15:46  Swarm Host  
  188  15:51  Zergling x4  
  188  15:52  Zergling x12  
  188  15:53  Roach x2  
  188  15:54  Roach x3  
  188  15:55  Roach x3  
  173  15:57  Roach x2  
  173  15:58  Roach x2  
  173  16:02  Hydralisk  
  173  16:03  Baneling  
  169  16:04  Baneling x14  
  169  16:06  Infestor x2  
  169  16:07  Zergling x2  
  169  16:08  Zergling x2  
  169  16:10  Queen  
  169  16:11  Drone  
  178  16:16  Zergling x2  
  177  16:19  Hydralisk x2, Zergling x2  
  177  16:22  Hydralisk  
  176  16:26  Spire  
  175  16:32  Overseer  
  175  16:39  Hydralisk x4  
  177  16:40  Hydralisk x2  
  177  16:41  Zergling x4  
  177  16:42  Drone  
  186  16:50  Hydralisk x3  
  190  17:06  Roach x3  
  190  17:08  Extractor  
  184  17:09  Roach x2  
  184  17:10  Roach, Extractor  
  184  17:12  Hydralisk x5  
  184  17:13  Hydralisk  
  184  17:14  Hydralisk  
  195  17:16  Zergling x4  
  195  17:19  Drone x2  
  191  17:42  Mutalisk  
  191  17:43  Mutalisk x3  
  199  17:50  Spore Crawler  
  198  17:52  Zergling x2  
  199  18:11  Hydralisk x2  
  199  18:12  Hydralisk x2  
  179  18:13  Hydralisk x3  
  179  18:15  Mutalisk  
  179  18:16  Mutalisk  
  179  18:17  Mutalisk x4  
  179  18:21  Mutalisk  
  179  18:22  Zergling x2  
  179  18:23  Zergling x28  
  196  18:34  Zerg Flyer Armor Level 1  
  196  18:35  Hatchery  
  195  18:44  Spire  
  195  18:45  Mutalisk x2  
  198  18:55  Overseer  
  198  18:56  Overseer  
  176  19:06  Roach x3  
  176  19:09  Roach x2  
  176  19:10  Roach x2  
  176  19:11  Roach x4, Zergling x2  
  176  19:12  Zergling x4  
  176  19:15  Roach x3  
  179  19:46  Mutalisk x3  
  185  19:57  Mutalisk x2  
  189  20:03  Ultralisk Cavern  
  189  20:06  Drone x3  
  191  20:15  Extractor  
  191  20:17  Extractor  
  189  20:25  Ravager x7  
  189  20:26  Ravager x4  
  200  20:32  Greater Spire  
  200  20:35  Zerg Flyer Weapons Level 1  
  200  21:12  Chitinous Plating  
  168  21:31  Ultralisk x2  
  168  21:32  Ultralisk  
  164  21:41  Zergling x2  
  164  21:42  Zergling x34  
  164  21:44  Zergling x6  
  164  21:45  Zergling x16  
  164  21:46  Zergling x2  
  189  21:55  Zergling x6  
  189  21:56  Zergling x4  
  173  22:06  Zerg Missile Weapons Level 3  
  173  22:07  Zerg Melee Weapons Level 2  
  146  22:20  Zergling x6  
  146  22:21  Roach x2, Zergling x20  
  135  22:39  Ultralisk x3  
  135  22:40  Roach  
  135  22:41  Drone  
  135  22:42  Drone x2  
  156  23:03  Ultralisk x2  
  168  23:07  Drone x2  
  168  23:08  Drone  
  171  23:28  Infestor x2, Roach  
  171  23:29  Infestor  
  179  23:46  Hatchery  
  178  24:00  Ultralisk  
  184  24:09  Baneling  
  184  24:10  Zergling x2, Baneling x14  
  184  24:11  Zergling x8  
  189  24:30  Overlord x2  
  189  24:31  Baneling  
  189  24:32  Baneling x14  
  189  24:39  Overlord x2  
  189  24:45  Zerg Melee Weapons Level 3  
  148  25:09  Roach x2  
  148  25:10  Zergling x2  
  148  25:11  Zergling x20  
  148  25:12  Zergling x2  
  148  25:13  Zergling x2  
  148  25:14  Zergling x2  
  155  25:16  Zergling x4  
  150  25:25  Zergling x18  
  78  26:19  Extractor  
  78  26:20  Extractor  
  78  26:21  Hydralisk x3  
  78  26:22  Extractor  
  78  26:25  Corruptor  
  81  26:30  Overseer  
  69  27:10  Corruptor  
  69  27:12  Zergling x2  
  69  27:13  Drone, Zergling x2  
  69  27:14  Zergling x2  
  69  27:15  Zergling x6  
  68  27:25  Zergling x14  
  64  27:32  Drone x2  
  64  27:33  Drone  
  60  27:44  Hydralisk  
  60  27:45  Hydralisk  
  59  28:02  Drone  
  59  28:03  Drone x5  
  58  28:14  Drone  
  59  28:27  Drone  
Tags
 
Add a new tag
Caveats
  • Supply blocks, unpowered buildings, or Contaminate may cause inaccurate times.
  • Supply counts are checked every 10 seconds.